TOP OF THE 1ST |
St. Louis Cardinals batting - Pitching for Milwaukee Brewers : LHP Lewis Thorpe Jr.
|
Pitching: LHP Lewis Thorpe Jr.
|
|
Batting: SHB Chris Blue
|
0-0: Ball 1-0: Ball 2-0: Called Strike 2-1: SINGLE (Line Drive, 78S, EV 100.6 MPH)
|
Batting: RHB Melvin Enriquez
|
0-0: Ball 1-0: Foul Ball, location: 2F 1-1: Foul Ball, location: 2F 1-2: Ball 2-2: Foul Ball, location: 2F 2-2: Foul Ball, location: 2F 2-2: Strikes out swinging
|
Batting: SHB Antoine Roux
|
0-0: Called Strike 0-1: Foul Ball, location: 2F 0-2: Ball 1-2: Foul Ball, location: 2F 1-2: Ball 2-2: Strikes out looking
|
Batting: RHB Danny Gallo
|
0-0: Ball 1-0: Ball 2-0: SINGLE (Groundball, 4MD, EV 106.9 MPH) Chris Blue to second Runner from 2nd tries for 3rd, SAFE, throw by CF made to third Danny Gallo to second
|
Batting: LHB Ichiro Toyota
|
0-0: Foul Ball, location: 2F 0-1: Ball 1-1: Ball 2-1: Ball 3-1: Base on Balls
|
Batting: RHB Jordan Diaz
|
0-0: Ball 1-0: SINGLE (Groundball, 6D, EV 105.6 MPH) Chris Blue scores Danny Gallo to third Ichiro Toyota to second Runner from 3rd tries for Home, SAFE, throw by CF to trailing runner, SAFE at third!
|
Batting: RHB Rocky Campbell
|
0-0: Ball 1-0: Ground out 1-3 (Groundball, P, EV 65.6 MPH)
|
Top of the 1st over - 2 runs, 3 hits, 0 errors, 2 left on base; St. Louis 2 - Milwaukee 0 |
BOTTOM OF THE 1ST |
Milwaukee Brewers batting - Pitching for St. Louis Cardinals : LHP Danny Rivera
|
Pitching: LHP Danny Rivera
|
|
Batting: SHB Lewis Thorpe Jr.
|
0-0: Ball 1-0: Ball 2-0: Ball 3-0: Called Strike 3-1: DOUBLE (Line Drive, 7LS, EV 100.0 MPH)
|
Batting: LHB Eric Klasek
|
0-0: Ball 1-0: Ball 2-0: Called Strike 2-1: Foul Ball, location: 2F 2-2: Ball 3-2: Base on Balls
|
Batting: SHB Junzo Kato
|
0-0: Ball 1-0: Fly out, F9 (Line Drive, 9S, EV 90.6 MPH)
|
Batting: RHB Dave Gonzalez
|
0-0: Called Strike 0-1: Fly out, F7 (Flyball, 7LSF, EV 83.1 MPH)
|
Batting: RHB Akitada Nishizawa
|
0-0: Swinging Strike 0-1: Swinging Strike 0-2: Ball 1-2: Fly out, F9 (Flyball, 89D, EV 83.1 MPH)
|
Bottom of the 1st over - 0 runs, 1 hit, 0 errors, 2 left on base; St. Louis 2 - Milwaukee 0 |
TOP OF THE 2ND |
St. Louis Cardinals batting - Pitching for Milwaukee Brewers : LHP Lewis Thorpe Jr.
|
Batting: SHB Harry Hoop
|
0-0: Called Strike 0-1: Swinging Strike 0-2: Strikes out swinging
|
Batting: LHB Armando Carbajal
|
0-0: Ball 1-0: Called Strike 1-1: Fly out, F6 (Popup, 6M, EV 76.2 MPH)
|
Batting: SHB Chris Blue
|
0-0: Foul Ball, location: 2F 0-1: Called Strike 0-2: Strikes out swinging
|
Top of the 2nd over - 0 runs, 0 hits, 0 errors, 0 left on base; St. Louis 2 - Milwaukee 0 |
BOTTOM OF THE 2ND |
Milwaukee Brewers batting - Pitching for St. Louis Cardinals : LHP Danny Rivera
|
Batting: RHB Noah Stanley
|
0-0: Called Strike 0-1: Ball 1-1: Foul Ball, location: 2F 1-2: Ball 2-2: Foul Ball, location: 2F 2-2: Ball 3-2: Base on Balls
|
Batting: RHB Ryan Neal
|
0-0: Called Strike 0-1: Foul Ball, location: 2F 0-2: Fly out, F9 (Line Drive, 89D, EV 96.2 MPH)
|
Batting: LHB Alfredo de la Cruz
|
0-0: Foul Ball, location: 2F 0-1: Foul Ball, location: 2F 0-2: Ball 1-2: Ground out 4-3 (Groundball, 34D, EV 108.1 MPH) Noah Stanley to second
|
Batting: RHB Colin Boddy
|
0-0: Foul Ball, location: 2F 0-1: Ball 1-1: Ball 2-1: SINGLE (Groundball, 4MD, EV 99.4 MPH) Noah Stanley to third Runner from 3rd tries for Home, SAFE, throw by CF to home
|
Batting: SHB Lewis Thorpe Jr.
|
0-0: Called Strike 0-1: Called Strike 0-2: Foul Ball, location: 2F 0-2: Ball 1-2: Strikes out looking
|
Bottom of the 2nd over - 1 run, 1 hit, 0 errors, 1 left on base; St. Louis 2 - Milwaukee 1 |
TOP OF THE 3RD |
St. Louis Cardinals batting - Pitching for Milwaukee Brewers : LHP Lewis Thorpe Jr.
|
Batting: RHB Melvin Enriquez
|
0-0: Ball 1-0: Ground out 2-3 (Groundball, 2L, EV 66.9 MPH)
|
Batting: SHB Antoine Roux
|
0-0: Called Strike 0-1: Foul Ball, location: 2F 0-2: Ball 1-2: Ball 2-2: SINGLE (Groundball, 6MD, EV 101.2 MPH)
|
Batting: RHB Danny Gallo
|
0-0: Ball 1-0: Ground out 4-3 (Groundball, 34S, EV 82.5 MPH) Antoine Roux to second
|
Batting: LHB Ichiro Toyota
|
0-0: Ball 1-0: Ball 2-0: Called Strike 2-1: Called Strike 2-2: SINGLE (Line Drive, 3D, EV 95.0 MPH) Antoine Roux to third Runner from 3rd tries for Home, throw by RF and OUT! 9-2
|
Top of the 3rd over - 0 runs, 2 hits, 0 errors, 1 left on base; St. Louis 2 - Milwaukee 1 |
BOTTOM OF THE 3RD |
Milwaukee Brewers batting - Pitching for St. Louis Cardinals : LHP Danny Rivera
|
Batting: LHB Eric Klasek
|
0-0: Called Strike 0-1: Called Strike 0-2: Ball 1-2: Ball 2-2: Foul Ball, location: 2F 2-2: SINGLE (Flyball, 78S, EV 88.8 MPH)
|
Batting: SHB Junzo Kato
|
0-0: Ball 1-0: Ball 2-0: Foul Ball, location: 2F 2-1: Grounds into double play, 5-4-3 (Groundball, 56S, EV 81.9 MPH)
|
Batting: RHB Dave Gonzalez
|
0-0: Ball 1-0: Ground out U3 (Groundball, 34S, EV 81.2 MPH)
|
Bottom of the 3rd over - 0 runs, 1 hit, 0 errors, 0 left on base; St. Louis 2 - Milwaukee 1 |
TOP OF THE 4TH |
St. Louis Cardinals batting - Pitching for Milwaukee Brewers : LHP Lewis Thorpe Jr.
|
Batting: RHB Jordan Diaz
|
0-0: Ball 1-0: Foul Ball, location: 2F 1-1: Fly out, F9 (Flyball, 89S, EV 83.8 MPH)
|
Batting: RHB Rocky Campbell
|
0-0: Called Strike 0-1: Ball 1-1: Called Strike 1-2: Fly out, F3 (Popup, 34, EV 65.6 MPH)
|
Batting: SHB Harry Hoop
|
0-0: Ball 1-0: Foul Ball, location: 2F 1-1: Ball 2-1: Swinging Strike 2-2: Strikes out swinging
|
Top of the 4th over - 0 runs, 0 hits, 0 errors, 0 left on base; St. Louis 2 - Milwaukee 1 |
BOTTOM OF THE 4TH |
Milwaukee Brewers batting - Pitching for St. Louis Cardinals : LHP Danny Rivera
|
Batting: RHB Akitada Nishizawa
|
0-0: Ball 1-0: Foul Ball, location: 2F 1-1: Swinging Strike 1-2: Ground out 6-3 (Groundball, 6, EV 110.0 MPH)
|
Batting: RHB Noah Stanley
|
0-0: Called Strike 0-1: Foul Ball, location: 2F 0-2: Foul Ball, location: 2F 0-2: Ball 1-2: Foul Ball, location: 2F 1-2: Fly out, F7 (Flyball, 7S, EV 87.5 MPH)
|
Batting: RHB Ryan Neal
|
0-0: Foul Ball, location: 2F 0-1: Foul Ball, location: 2F 0-2: Ground out 5-3 (Groundball, 56S, EV 68.8 MPH)
|
Bottom of the 4th over - 0 runs, 0 hits, 0 errors, 0 left on base; St. Louis 2 - Milwaukee 1 |
TOP OF THE 5TH |
St. Louis Cardinals batting - Pitching for Milwaukee Brewers : LHP Lewis Thorpe Jr.
|
Batting: LHB Armando Carbajal
|
0-0: Called Strike 0-1: Foul Ball, location: 2F 0-2: Strikes out swinging
|
Batting: SHB Chris Blue
|
0-0: Called Strike 0-1: Ball 1-1: Ball 2-1: DOUBLE (Line Drive, 78D, EV 107.5 MPH)
|
Batting: RHB Melvin Enriquez
|
0-0: Foul Ball, location: 2F 0-1: Ball 1-1: Foul Ball, location: 2F 1-2: DOUBLE (Groundball, 5L, EV 105.6 MPH) Chris Blue scores
|
Batting: SHB Antoine Roux
|
0-0: Swinging Strike 0-1: Foul Ball, location: 2F 0-2: Strikes out swinging
|
Batting: RHB Danny Gallo
|
0-0: Called Strike 0-1: Ball 1-1: Foul Ball, location: 2F 1-2: Foul Ball, location: 2F 1-2: Foul Ball, location: 2F 1-2: Ground out 5-3 (Groundball, 56S, EV 64.4 MPH)
|
Top of the 5th over - 1 run, 2 hits, 0 errors, 1 left on base; St. Louis 3 - Milwaukee 1 |
BOTTOM OF THE 5TH |
Milwaukee Brewers batting - Pitching for St. Louis Cardinals : LHP Danny Rivera
|
Batting: LHB Alfredo de la Cruz
|
0-0: Ball 1-0: SINGLE (Groundball, 4D, EV 106.2 MPH)
|
Batting: RHB Colin Boddy
|
0-0: Called Strike 0-1: Ball 1-1: Called Strike 1-2: Ball 2-2: SINGLE (Groundball, 6MD, EV 104.4 MPH) Alfredo de la Cruz to second Runner from 2nd tries for 3rd, SAFE, throw by CF made to third
|
Batting: SHB Lewis Thorpe Jr.
|
0-0: Called Strike 0-1: Swinging Strike 0-2: Ball 1-2: Strikes out swinging
|
Batting: LHB Eric Klasek
|
0-0: Ball 1-0: Fly out, F7 (Flyball, 7, EV 77.5 MPH) Runner from 3rd tags up, SCORES, throw by LF
|
Batting: SHB Junzo Kato
|
0-0: Foul Ball, location: 2F 0-1: Ball 1-1: Called Strike 1-2: Strikes out swinging
|
Bottom of the 5th over - 1 run, 2 hits, 0 errors, 1 left on base; St. Louis 3 - Milwaukee 2 |
TOP OF THE 6TH |
St. Louis Cardinals batting - Pitching for Milwaukee Brewers : LHP Lewis Thorpe Jr.
|
Batting: LHB Ichiro Toyota
|
0-0: Ball 1-0: Called Strike 1-1: Foul Ball, location: 2F 1-2: Ball 2-2: Fly out, F7 (Flyball, 7S, EV 83.8 MPH)
|
Batting: RHB Jordan Diaz
|
0-0: Foul Ball, location: 2F 0-1: Ground out 5-3 (Groundball, 56, EV 91.9 MPH)
|
Batting: RHB Rocky Campbell
|
0-0: Foul Ball, location: 2F 0-1: Swinging Strike 0-2: SINGLE (Groundball, 6MD, EV 105.6 MPH)
|
Pitching: RHP Rafael Gonzales
|
|
Batting: SHB Harry Hoop
|
0-0: Ball 1-0: Ball 2-0: Ball 3-0: Called Strike 3-1: Fly out, F9 (Line Drive, 89M, EV 93.1 MPH)
|
Top of the 6th over - 0 runs, 1 hit, 0 errors, 1 left on base; St. Louis 3 - Milwaukee 2 |
BOTTOM OF THE 6TH |
Milwaukee Brewers batting - Pitching for St. Louis Cardinals : LHP Danny Rivera
|
Batting: RHB Dave Gonzalez
|
0-0: Called Strike 0-1: Foul Ball, location: 2F 0-2: Ball 1-2: Foul Ball, location: 2F 1-2: Ball 2-2: SINGLE (Line Drive, 89S, EV 104.4 MPH)
|
Batting: RHB Akitada Nishizawa
|
0-0: Ball 1-0: Ball 2-0: Ball 3-0: Base on Balls Dave Gonzalez to second
|
Batting: RHB Noah Stanley
|
0-0: Called Strike 0-1: Ball 1-1: Foul Ball, location: 2F 1-2: Foul Ball, location: 2F 1-2: Ball 2-2: Fielders Choice at 3rd, U5 (Groundball, 5L, EV 83.1 MPH) Akitada Nishizawa to second
|
Pitching: LHP John Fisher
|
|
Batting: RHB Ryan Neal
|
0-0: Ball 1-0: Called Strike 1-1: Ball 2-1: Foul Ball, location: 2F 2-2: Ball 3-2: Strikes out looking
|
Batting: LHB Alfredo de la Cruz
|
0-0: Ball 1-0: Called Strike 1-1: Ground out U3 (Groundball, 34, EV 107.5 MPH)
|
Bottom of the 6th over - 0 runs, 1 hit, 0 errors, 2 left on base; St. Louis 3 - Milwaukee 2 |
TOP OF THE 7TH |
St. Louis Cardinals batting - Pitching for Milwaukee Brewers : RHP Rafael Gonzales
|
Batting: LHB Armando Carbajal
|
0-0: Ball 1-0: Ball 2-0: Ball 3-0: Called Strike 3-1: Fly out, F9 (Line Drive, 9S, EV 93.8 MPH)
|
Batting: SHB Chris Blue
|
0-0: Called Strike 0-1: Ground out 5-3 (Groundball, 5, EV 110.0 MPH)
|
Batting: RHB Melvin Enriquez
|
0-0: Fly out, F9 (Flyball, 9LD, EV 91.2 MPH)
|
Top of the 7th over - 0 runs, 0 hits, 0 errors, 0 left on base; St. Louis 3 - Milwaukee 2 |
BOTTOM OF THE 7TH |
Milwaukee Brewers batting - Pitching for St. Louis Cardinals : LHP John Fisher
|
Batting: RHB Colin Boddy
|
0-0: Called Strike 0-1: Foul Ball, location: 2F 0-2: DOUBLE (Flyball, 89XD, EV 103.1 MPH)
|
Batting: SHB Lewis Thorpe Jr.
|
0-0: Swinging Strike 0-1: Called Strike 0-2: Ball 1-2: Strikes out swinging
|
Pinch Hitting: RHB Mike Ball
|
0-0: Swinging Strike 0-1: Swinging Strike 0-2: Strikes out swinging
|
Batting: SHB Junzo Kato
|
0-0: Ball 1-0: Ball 2-0: Ball 3-0: Base on Balls
|
Batting: RHB Dave Gonzalez
|
0-0: Swinging Strike 0-1: Foul Ball, location: 2F 0-2: Ball 1-2: 3-RUN HOME RUN (Flyball, 78XD, EV 99.4 MPH), Distance : 400 ft
|
Pitching: RHP Derek White
|
|
Batting: RHB Akitada Nishizawa
|
0-0: Called Strike 0-1: Ball 1-1: Ground out 1-3 (Groundball, 34S, EV 66.2 MPH)
|
Bottom of the 7th over - 3 runs, 2 hits, 0 errors, 0 left on base; St. Louis 3 - Milwaukee 5 |
TOP OF THE 8TH |
St. Louis Cardinals batting - Pitching for Milwaukee Brewers : RHP Rafael Gonzales
|
Now in LF: Jamel Wright
|
|
Now in RF: Alfredo de la Cruz
|
|
Batting: SHB Antoine Roux
|
0-0: Called Strike 0-1: Ball 1-1: Ball 2-1: Ball 3-1: Base on Balls
|
Pinch Hitting: LHB Pat Sutton
|
0-0: Ball 1-0: Foul Ball, location: 2F 1-1: Ball 2-1: Ball 3-1: Fly out, F8 (Flyball, 8LD, EV 96.9 MPH)
|
Batting: LHB Ichiro Toyota
|
0-0: Called Strike 0-1: Ball 1-1: Foul Ball, location: 2F 1-2: Strikes out looking and he ARGUES THE CALL AND IS TOSSED!
|
Batting: RHB Jordan Diaz
|
0-0: Ball 1-0: Foul Ball, location: 2F 1-1: Called Strike 1-2: Strikes out swinging
|
Top of the 8th over - 0 runs, 0 hits, 0 errors, 1 left on base; St. Louis 3 - Milwaukee 5 |
BOTTOM OF THE 8TH |
Milwaukee Brewers batting - Pitching for St. Louis Cardinals : RHP Derek White
|
Now in CF: Klaas Meij
|
|
Now in RF: Pat Sutton
|
|
Batting: RHB Noah Stanley
|
0-0: Ball 1-0: Fly out, F9 (Line Drive, 9LM, EV 108.1 MPH)
|
Batting: RHB Ryan Neal
|
0-0: Foul Ball, location: 2F 0-1: Ball 1-1: Foul Ball, location: 2F 1-2: Ground out 4-3 (Groundball, 4, EV 86.9 MPH)
|
Batting: LHB Alfredo de la Cruz
|
0-0: Called Strike 0-1: Foul Ball, location: 2F 0-2: Strikes out looking
|
Bottom of the 8th over - 0 runs, 0 hits, 0 errors, 0 left on base; St. Louis 3 - Milwaukee 5 |
TOP OF THE 9TH |
St. Louis Cardinals batting - Pitching for Milwaukee Brewers : RHP Rafael Gonzales
|
Pitching: RHP Travis Southern
|
|
Now at 1B: Junzo Kato
|
|
Now at 2B: Noah Stanley
|
|
Now at SS: Kisho Ito
|
|
Batting: RHB Rocky Campbell
|
0-0: Ball 1-0: Foul Ball, location: 2F 1-1: Ball 2-1: SINGLE (Groundball, 5S, EV 69.4 MPH) (infield hit)
|
Batting: SHB Harry Hoop
|
0-0: Ball 1-0: Swinging Strike 1-1: Swinging Strike 1-2: Ball 2-2: Strikes out swinging
|
Batting: LHB Armando Carbajal
|
0-0: SINGLE (Line Drive, 6MD, EV 100.0 MPH) Rocky Campbell to second
|
Batting: SHB Chris Blue
|
0-0: Ball 1-0: Ball 2-0: Called Strike 2-1: SINGLE (Groundball, 4MS, EV 73.8 MPH) (infield hit) Rocky Campbell to third Armando Carbajal to second
|
Batting: RHB Melvin Enriquez
|
0-0: Ball 1-0: Ball 2-0: Fly out, F7 (Flyball, 78M, EV 93.1 MPH)
|
Batting: SHB Antoine Roux
|
0-0: Ball 1-0: Ball 2-0: Ball 3-0: Called Strike 3-1: Fielders Choice at 2nd, 5-4 (Groundball, 56, EV 101.9 MPH)
|
Top of the 9th over - 0 runs, 3 hits, 0 errors, 3 left on base; St. Louis 3 - Milwaukee 5 |
|